cohdb
Replays
Latest Replays
All Replays
Popular Replays
Top Player Replays
Match Explorer
How It Works
Community
CoH3 Stats
Reddit
Sign in to upload your games and track your stats! →
Sign in with Steam
Match 42784042
Unlisted
Match 42784042
Overview
Messages
Build Orders
End
Kradschützen Motorcycle Team
Panzergrenadier Squad
250 Light Carrier
Construct Light Support Kompanie
MG34 Team
Construct Mechanized Kompanie
Support Armor Elements
Combat Half-tracks
Vehicle Survival Package
StuG III D Assault Gun
Panzerjäger Mechanized Group
Marder III Tank Destroyer
StuG III D Assault Gun
Selects Panzerjäger Kommand Battlegroup
Selects Mine Fields
Selects Early Warning
Selects Butterfly Bomb Drop
Butterfly Bomb Drop
Advanced Field Repairs
254 Reconnaissance Tractor
Selects Tank Busters
Panzerjäger Mechanized Group
Marder III Tank Destroyer
Selects Crew Shock Tactics
Marder III Tank Destroyer
Crew Shock Tactics
Emergency Repair Kits
抖音雨哲QAQ
MrGlaucus
Discoverer
꿀뜨개Honeydipper
人老打不动游戏了
Thomas Shelby
.
周末不日常
0
0
Comments
sign in to comment!
No comments posted yet!